 Dungeon Crawl Stone Soup version 0.27-a0-1202-ge72e49191c (webtiles) character file.

Game seed: 1705308922172619831

16 polve the Poker (level 2, -2/24 HPs)
             Began as a Demonspawn Berserker on June 2, 2021.
             Was a Follower of Trog.
             Slain by Sigmund
             ... wielding a +0 scythe
              (12 damage)
             ... on level 2 of the Dungeon.
             The game lasted 00:00:35 (1044 turns).

polve the Poker (Demonspawn Berserker)              Turns: 1044, Time: 00:00:36

Health: -2/24      AC:  2    Str: 17    XL:     2   Next: 41%
Magic:  2/2        EV: 12    Int:  8    God:    Trog [*.....]
Gold:   0          SH:  0    Dex: 12    Spells: 1/1 levels left

rFire    . . .     SeeInvis .   a - +0 spear
rCold    . . .     Faith    .   (no shield)
rNeg     . . .     Spirit   .   b - +0 animal skin
rPois    .         Reflect  .   (no helmet)
rElec    .         Harm     .   (no cloak)
rCorr    .         Rampage  .   (no gloves)
Will     .....                  (no boots)
Stlth    +.........             (no amulet)
HPRegen  0.08/turn              (no ring)
MPRegen  0.08/turn              (no ring)

@: no status effects
A: talons 1
a: Renounce Religion, Berserk


You were on level 2 of the Dungeon.
You worshipped Trog.
Trog was aware of your devotion.
You visited 1 branch of the dungeon, and saw 2 of its levels.

Inventory:

Hand Weapons
 a - a +0 spear (weapon)
Armour
 b - a +0 animal skin (worn)
Jewellery
 d - a ring of magical power
Scrolls
 e - a scroll of torment {unknown}
 f - a scroll of identify {unknown}
 i - 2 scrolls of enchant armour {unknown}
Potions
 c - a potion of ambrosia {unknown}
 g - a potion of magic {unknown}
 h - a potion of cancellation {unknown}


   Skills:
 - Level 3.0 Fighting
 + Level 3.5 Polearms
 - Level 1.7 Armour
 - Level 1.7 Dodging


You had one spell level left.
You didn't know any spells.
Your spell library was empty.

Dungeon Overview and Level Annotations

Branches:
Dungeon (2/15)

Altars:

Shops:
D:2 [

Annotations:
D:2 Sigmund


Innate Abilities, Weirdness & Mutations

You have sharp toenails.


Message History

Your toenails lengthen and sharpen.
You feel sick.
You feel sick.
You feel sick.
You feel sick.
You are no longer poisoned.
HP restored.
Found a stone staircase leading up.
There is a stone staircase leading up here.
i - 2 scrolls labelled VEIDYQ ZUXIL
Found an escape hatch in the ceiling.
There is an escape hatch in the ceiling here.
Found Tiwawicwe's Armour Boutique.
Found a stone staircase leading down.
Sigmund the Dreaded comes into view.
He is wielding a +0 scythe.
Sigmund shouts!
There is an entrance to Tiwawicwe's Armour Boutique here.
Sigmund barely misses you. Sigmund gestures at you while chanting.
You resist with significant effort. Sigmund casts a spell at you.
You resist with significant effort. Sigmund misses you.
Sigmund barely misses you.
Sigmund screams, "Die, monster!"
Sigmund points at you and mumbles some strange words.
You are confused.
Sigmund misses you.
Sigmund hits you from afar with a +0 scythe.
Sigmund barely misses you.
Sigmund casts a spell at himself.
Sigmund flickers and vanishes!
Deactivating autopickup; reactivate with Ctrl-A.
A magic dart appears from out of thin air!
The magic dart hits you.
You feel less confused. Something hits you. Something hits you!
Ouch! That really hurt!
You die...

......♣
.##♣PP.P #..
.♣ ... #># ♣♣
.♣ #.# ♣ ♣
#.# # ♣ #.#
.# ♣
#.##{##.#
#♣♣♣♣
#####.......#
....####
#.....@..#
.......#
#.########
######.# #.#
#<####.#
#......#
########


There were no monsters in sight!

Vanquished Creatures
  An adder (D:2)
  A giant cockroach (D:1)
  2 goblins (D:1)
  A hobgoblin (D:1)
  A quokka (D:1)
  A rat (D:1)
7 creatures vanquished.

Vanquished Creatures (others)
  A plant (D:2)
1 creature vanquished.

Grand Total: 8 creatures vanquished

Notes
Turn   | Place    | Note
-------+----------+-------------------------------------------
     0 | D:1      | polve the Demonspawn Berserker began the quest for the Orb.
     0 | D:1      | Reached XP level 1. HP: 18/18 MP: 1/1
   681 | D:2      | Gained mutation: You have sharp toenails. [demonic
                  | ancestry]
   681 | D:2      | Reached XP level 2. HP: 7/24 MP: 2/2
  1025 | D:2      | Found Tiwawicwe's Armour Boutique.
  1031 | D:2      | Noticed Sigmund
  1044 | D:2      | Slain by Sigmund

Illustrated notes

Levels and vault maps discovered:
D:1:      lightli_molten_gateway, layout_rooms
D:2:      minmay_skewed_foursquare, layout_loops_cross, serial_forest,
          infiniplex_forest_straight_2, infiniplex_forest_lined_corner,
          infiniplex_forest_side_room, infiniplex_forest_lined_room_2,
          infiniplex_forest_straight_4, infiniplex_forest_clump_long,
          infiniplex_forest_end_3, serial_shops, shop, minivault_5,
          minivault_11, minmay_hexomino_r4, uniq_sigmund, uniq_jessica

Skill      XL: |  1 |
---------------+----+-----
Polearms       | 3 |  3.5
Fighting       | |  3.0
Armour         | |  1.7
Dodging        | |  1.7

Action                   || total
-------------------------++-------
Melee: Spear             ||    28
 Stab: Sleeping          ||     1
Armor: Animal skin       ||     5
Dodge: Dodged            ||    14

Table legend: (Time is in decaauts)
 A = Elapsed time spent in this place.
 B = Non-inter-level travel time spent in this place.
 C = Inter-level travel time spent in this place.
 D = Time resting spent in this place.
 E = Time spent auto-exploring this place.
 F = Levels seen in this place.
 G = Mean time per level.
                   A        B        C        D        E       F      G
               +--------+--------+--------+--------+--------+-----+--------+
         Total |   1042 |   1019 |     23 |      0 |    951 |   2 |  521.0 |
       Dungeon |   1042 |   1019 |     23 |      0 |    951 |   2 |  521.0 |
               +--------+--------+--------+--------+--------+-----+--------+

Top non-repeatable levels by time:
     D:1: 566 daAuts
     D:2: 476 daAuts
